 Dungeon Crawl Stone Soup version 0.22.0-25-g7663229 (webtiles) character file.

1659 Amnesiac the Thaumaturge (level 8, 0/52 HPs)
             Began as a Mummy Air Elementalist on Aug 20, 2018.
             Was a Priest of Sif Muna.
             Slain by a ball python (1 damage)
             ... in a sewer.
             The game lasted 00:12:14 (5236 turns).

Amnesiac the Thaumaturge (Mummy Air Elementalist)   Turns: 5236, Time: 00:12:14

Health: 0/52       AC:  3    Str: 11    XL:     8   Next: 68%
Magic:  0/29       EV:  9    Int: 17    God:    Sif Muna [***...]
Gold:   271        SH:  0    Dex: 12    Spells: 11/23 levels left

rFire    . . .     SeeInvis .   o - +0 falchion
rCold    + . .     Gourm    .   (no shield)
rNeg     + + +     Faith    .   a - +0 robe
rPois    ∞         Spirit   +   g - +0 helmet
rElec    .         Reflect  .   c - scarf {Spirit}
rCorr    .         Harm     .   (no gloves)
MR       +....                  (no boots)
Stlth    +.........             (no amulet)
HPRegen  0.17/turn              i - ring of protection from fire
MPRegen  0.21/turn              j - ring of magical power

@: constricted, divine energy, very slow
A: no food or potions, fire vulnerability, cold resistance 1, negative energy
resistance 3, torment resistance, unbreathing
a: Stop Divine Energy, Channel Magic, Renounce Religion


You were in a sewer.
You worshipped Sif Muna.
Sif Muna was most pleased with you.
You were not hungry.

You visited 2 branches of the dungeon, and saw 7 of its levels.
You also visited: Sewer.

You collected 271 gold pieces.

Inventory:

Hand Weapons
 o - a +0 falchion (weapon)
Armour
 a - a +0 robe (worn)
 c - a scarf of spirit shield (worn)
 g - a +0 helmet (worn)
Jewellery
 d - an uncursed ring of protection from fire
 i - a ring of protection from fire (left hand)
 j - a ring of magical power (right hand)
Wands
 f - a wand of polymorph (12)
 q - a wand of flame (18)
 r - a wand of acid (7)
Scrolls
 b - 3 scrolls of remove curse {!r}
 e - 7 scrolls of identify {!r}
 h - 5 scrolls of magic mapping {!r}
 k - a scroll of enchant armour {!r}
 l - 5 scrolls of teleportation {!r}
 m - a scroll of amnesia {!r}
 n - a scroll of fog {!r}
 p - a scroll of holy word {!r, unknown}
 s - a scroll of fear {!r, unknown}


   Skills:
 - Level 1.5 Dodging
 - Level 1.5 Stealth
 - Level 8.0 Spellcasting
 + Level 0.7 Conjurations
 - Level 8.0 Air Magic


You had 11 spell levels left.
You knew the following spells:

 Your Spells              Type           Power        Failure   Level  Hunger
a - Airstrike             Air            ####......   3%          4    N/A
d - Lightning Bolt        Conj/Air       ###.......   43%         5    N/A
e - Shock                 Conj/Air       ###.         1%          1    N/A
z - Swiftness             Chrm/Air       ###.....     3%          2    N/A

Your spell library contained the following spells:

 Spells                   Type           Power        Failure   Level  Hunger
 Static Discharge         Conj/Air       ###.....     4%          3    N/A
 Magic Dart               Conj           #...         8%          1    N/A
 Searing Ray              Conj           #.....       12%         2    N/A
 Dazzling Spray           Conj/Hex       #.....       26%         3    N/A
 Iskenderun's Mystic Bla  Conj           #.......     61%         4    N/A
 Force Lance              Conj/Tloc      #.......     65%         4    N/A
 Fulminant Prism          Conj/Hex       #.........   65%         4    N/A

Dungeon Overview and Level Annotations

Branches:
Dungeon (6/15)             Temple (1/1) D:4

Altars:
Ashenzari
Cheibriados
Dithmenos
Elyvilon
Fedhas
Gozag
Hepliaklqana
Kikubaaqudgha
Nemelex Xobeh
Okawaru
Qazlal
Ru
Sif Muna
Trog
Uskayaw
Vehumet
Wu Jian
Yredelemnul
Zin
The Shining One


Innate Abilities, Weirdness & Mutations

You do not eat or drink.
Your flesh is vulnerable to fire.
You are immune to poison.
Your flesh is cold resistant. (rC+)
You are immune to negative energy. (rN+++)
You are immune to unholy pain and torment.
You can survive without breathing.


Message History

The ball python bites you but does no damage.
The ball python grabs you. The ball python constricts you.
The ball python loses its grip on you. The adder barely misses you.
You riposte.
You hit the adder.
The adder is heavily wounded.
The adder barely misses you.
You riposte.
Your unstable footing causes you to fumble your attack.
Casting: Airstrike (safe; 3% risk of failure)
Confirm with . or Enter, or press ? or * to list all spells.
Aiming: Airstrike (safe; 3% risk of failure)
Press: ? - help, Dir - move target cursor, f - bullfrog
Aim: a bullfrog (water)
The air twists around and strikes the bullfrog!
The bullfrog is severely wounded.
Sif Muna grants you divine energy.
You briefly lose access to your magic!
The adder bites you. x2
The bullfrog closely misses you. The ball python bites you.
The ball python grabs you. The ball python constricts you.
The bullfrog barely misses you. The adder barely misses you.
You escape the ball python's grasp.
You regain access to your magic.
The bullfrog hits you. The adder closely misses you.
You riposte.
You miss the adder.
The adder is heavily wounded.
The adder bites you.
* * * LOW HITPOINT WARNING * * *
The ball python bites you.
* * * LOW HITPOINT WARNING * * *
The ball python barely misses you.
The bullfrog hits you but does no damage.
The bullfrog hits you.
* * * LOW HITPOINT WARNING * * *
The adder bites you.
* * * LOW HITPOINT WARNING * * *
The adder bites you but does no damage.
The ball python bites you but does no damage.
The ball python grabs you. The ball python constricts you.
The adder barely misses you.
You riposte.
You barely miss the adder.
The adder is heavily wounded.
The bullfrog hits you.
* * * LOW HITPOINT WARNING * * *
The adder bites you.
* * * LOW HITPOINT WARNING * * *
The ball python bites you.
* * * LOW HITPOINT WARNING * * *
The ball python constricts you.
You escape the ball python's grasp.
The bullfrog misses you. The adder bites you but does no damage.
The adder barely misses you. The bullfrog barely misses you.
The adder barely misses you.
Your unstable footing causes you to fumble your attack.
The ball python bites you.
* * * LOW HITPOINT WARNING * * *
The ball python grabs you. The ball python constricts you.
The ball python bites you but does no damage.
The bullfrog hits you!
* * * LOW HITPOINT WARNING * * *
The adder bites you.
* * * LOW HITPOINT WARNING * * *
The adder closely misses you. The adder bites you.
* * * LOW HITPOINT WARNING * * *
The ball python closely misses you.
You riposte.
You hit the ball python.
The ball python is severely wounded.
The ball python bites you but does no damage.
You die...

##### ####...####
####.........####
##...............##
#.......#.........#
##......##'##......##
#...†..###!!##......#
##..†≈## #!!###SS≈≈.#
#≈≈≈†≈≈# #####S@S≈≈≈#
#≈≈≈≈≈≈# #SFS≈≈≈#
#≈≈≈†≈≈# #≈l≈≈≈≈#
#≈≈≈≈≈≈# #≈≈≈≈†≈#
#≈≈≈≈≈≈# #≈≈≈≈≈≈#
##.≈..≈# #≈≈≈≈≈≈#
#≈≈((.≈# #≈≈≈≈≈≈#
#≈≈.†≈≈# #≈≈≈≈.≈#
#≈≈≈≈≈≈# #≈≈≈≈.†#


You could see a bullfrog, 3 adders, 3 ball pythons and a frilled lizard.

Vanquished Creatures
  Grinder (D:5)
  An ice beast (D:5)
  3 centaurs (D:5)
  An ogre (D:5)
  A bullfrog (Sewer)
  3 scorpions
  A howler monkey (D:5)
  A crimson imp (D:5)
  An orc priest (D:5)
  3 orc wizards
  A centaur skeleton (D:5)
  Jessica (D:2)
  Ijyb (D:5)
  Natasha (thrice) (D:4)
  A bullfrog skeleton (D:5)
  An iguana (D:4)
  5 worker ants
  A hound skeleton (D:4)
  2 worker ant zombies
  11 adders
  7 river rats
  A shadow imp (D:5)
  5 oozes
  2 adder skeletons
  A worm (D:2)
  2 dart slugs
  2 leopard geckos
  7 orcs
  6 giant cockroaches
  7 goblins
  6 hobgoblins
  6 jackals (D:3)
  8 kobolds
  5 quokkas
  7 ball pythons
  6 bats
  14 frilled lizards
  A leopard gecko skeleton (D:6)
  34 rats
170 creatures vanquished.

Notes
Turn   | Place    | Note
-------+----------+-------------------------------------------
     0 | D:1      | Amnesiac the Mummy Air Elementalist began the quest for the Orb.
     0 | D:1      | Reached XP level 1. HP: 13/13 MP: 4/4
   266 | D:2      | Reached XP level 2. HP: 19/19 MP: 2/5
   290 | D:2      | Learned a level 2 spell: Swiftness
   387 | D:2      | Noticed a scorpion
   398 | D:2      | Killed a scorpion
   398 | D:2      | Reached XP level 3. HP: 18/24 MP: 0/8
   609 | D:5      | Entered Level 5 of the Dungeon
   641 | D:4      | Noticed Natasha
   663 | D:4      | Killed Natasha
   663 | D:4      | Reached XP level 4. HP: 13/30 MP: 1/9
   738 | D:4      | Learned a level 4 spell: Airstrike
   940 | D:4      | Reached XP level 5. HP: 34/35 MP: 5/11
  1167 | D:4      | Noticed Natasha
  1176 | D:4      | Killed Natasha
  1176 | D:4      | Reached XP level 6. HP: 41/41 MP: 6/13
  1219 | D:4      | Noticed Natasha
  1235 | D:4      | Killed Natasha
  1272 | D:4      | Reached skill level 5 in Spellcasting
  1272 | D:4      | Reached skill level 5 in Air Magic
  1346 | D:4      | Found a staircase to the Ecumenical Temple.
  1352 | Temple   | Entered the Ecumenical Temple
  1572 | Temple   | Became a worshipper of Sif Muna the Loreminder
  1843 | D:1      | Learned a level 5 spell: Lightning Bolt
  2367 | D:2      | Noticed Jessica
  2369 | D:2      | Killed Jessica
  2756 | D:2      | You fall through a shaft!
  2759 | D:3      | Found a sacrificial altar of Ru.
  3073 | D:3      | Reached * piety under Sif Muna
  3510 | D:5      | Reached XP level 7. HP: 41/46 MP: 11/15
  3864 | D:5      | Reached XP level 8. HP: 36/52 MP: 1/18
  3878 | D:5      | Found a radiant altar of Vehumet.
  3878 | D:5      | Found a sparkling altar of Nemelex Xobeh.
  3879 | D:5      | Found a glowing silver altar of Zin.
  3935 | D:5      | Reached ** piety under Sif Muna
  3946 | D:5      | Noticed Ijyb
  4107 | D:5      | Killed Ijyb
  4187 | D:5      | Found a shattered altar of Ashenzari.
  4187 | D:5      | Found a shadowy altar of Dithmenos.
  4373 | D:5      | Noticed Grinder
  4386 | D:5      | Killed Grinder
  4809 | D:6      | Found a glowing drain.
  4939 | Sewer    | Entered a sewer
  5228 | Sewer    | Reached *** piety under Sif Muna
  5236 | Sewer    | HP: 1/52 [adder (2)]
  5236 | Sewer    | Slain by a ball python

Skill      XL: |  1  2  3  4  5  6  7  8 |
---------------+-------------------------+-----
Spellcasting   | 3 4 5 6 8 |  8.0
Air Magic      | 3 4 5 6 8 |  8.0
Dodging        | |  1.5
Stealth        | |  1.5
Conjurations   | |  0.7

Action                   |  1- 3 |  4- 6 |  7- 9 || total
-------------------------+-------+-------+-------++-------
Melee: Unarmed           |     2 |       |       ||     2
       Short sword       |     1 |    18 |       ||    19
       Falchion          |       |       |     8 ||     8
 Cast: Shock             |    38 |   116 |    54 ||   208
       Airstrike         |       |    27 |    84 ||   111
Invok: Divine Energy     |       |     1 |       ||     1
  Use: Scroll            |       |       |     7 ||     7
Armor: Robe              |     2 |     8 |    17 ||    27
Dodge: Dodged            |    16 |    46 |    55 ||   117
       Rpst.: Falchion   |       |       |    17 ||    17
